 Dungeon Crawl Stone Soup version 0.29.1-15-g9cfb28693d (webtiles) character file.

Game seed: 18028525699070623020

42 Descartes the Trooper (level 3, 0/20 HPs)
             Began as a Vine Stalker Fighter on Apr 3, 2023.
             Succumbed to Terence's poison
             ... on level 2 of the Dungeon.
             The game lasted 00:02:35 (1482 turns).

Descartes the Trooper (Vine Stalker Fighter)        Turns: 1482, Time: 00:02:36

Health: 0/20       AC:  7    Str: 20    XL:     3   Next: 54%
Magic:  5/5        EV:  9    Int:  8    God:
Gold:   63         SH:  4    Dex: 13    Spells: 4/4 levels left

rFire   . . .      SeeInvis .   a - +0 war axe
rCold   . . .      Faith    .   c - +0 buckler
rNeg    . . .      Spirit   +   b - +0 scale mail
rPois   .          Reflect  .   (no helmet)
rElec   .          Harm     .   (no cloak)
rCorr   .          Rampage  .   (no gloves)
Will    .....                   f - +0 pair of boots
Stlth   ..........              k - amulet of the acrobat
HPRegen 0.06/turn               i - +4 ring of slaying
MPRegen 0.09/turn               (no ring)

@: lethally poisoned (0 -> -12)
A: fangs 2, magic shield, antimagic bite, no potion heal 2
a: no special abilities


You were on level 2 of the Dungeon.
You visited 1 branch of the dungeon, and saw 2 of its levels.

You collected 63 gold pieces.

Inventory:

Hand Weapons
 a - a +0 war axe (weapon)
Missiles
 n - 4 curare-tipped darts (quivered)
Armour
 b - a +0 scale mail (worn)
 c - a +0 buckler (worn)
 f - a +0 pair of boots (worn)
Jewellery
 i - a +4 ring of slaying (left hand)
 k - an amulet of the acrobat (around neck)
Scrolls
 l - a scroll of magic mapping {unknown}
Potions
 d - a potion of might
 e - a potion of cancellation {unknown}
 h - a potion of degeneration {unknown}
 j - a potion of ambrosia {unknown}
 m - a potion of curing {unknown}
 o - a potion of berserk rage {unknown}


   Skills:
 + Level 3.0 Fighting
 + Level 2.1 Axes
 + Level 2.6 Armour
 + Level 2.9 Shields
 + Level 1.0 Spellcasting
 + Level 1.0 Evocations


You had 4 spell levels left.
You didn't know any spells.
Your spell library was empty.

Dungeon Overview and Level Annotations

Branches:
Dungeon (2/15)

Altars:

Annotations:
D:2 Terence


Innate Abilities, Weirdness & Mutations

You have extremely sharp teeth.
When hurt, damage is shared between your health and your magic reserves.
Your bite disrupts and absorbs the magic of your enemies.
Potions cannot restore your health.


Message History

No target in view!
No target in view!
No target in view!
There is a stone staircase leading down here.
o - a golden potion
There is a stone staircase leading down here.
Terence the Incautious comes into view.
He is wielding a +2 hand axe of venom.
Terence shouts!
Terence looks scornfully at you.
Terence is nearby!
You barely miss Terence.
Terence hits you with a +2 hand axe of venom.
You are poisoned.
You barely miss Terence.
You feel very sick. Terence closely misses you.
Terence hits you with a +2 hand axe of venom.
You are lethally poisoned!
You are too injured to fight recklessly!
You are too injured to fight recklessly!
You are too injured to fight recklessly!
You are too injured to fight recklessly!
You are too injured to fight recklessly!
You are too injured to fight recklessly!
You are too injured to fight recklessly!
You are too injured to fight recklessly!
You are too injured to fight recklessly!
You are too injured to fight recklessly!
You are too injured to fight recklessly!
You are too injured to fight recklessly!
You hit Terence.
Terence is lightly wounded.
* * * LOW HITPOINT WARNING * * *
You feel very sick. Terence says, "Did you write a will?
You should..."
Terence hits you with a +2 hand axe of venom.
* * * LOW HITPOINT WARNING * * *
Unknown command.
It was a potion of magic.
Magic courses through your body.
You die...

#############
#...........#
#.#########.# #.# #.#
#.# #.# #.# #.## #@#
### #..# #....@...#
##.# ####.###.# #.#
#.# #.# #.# #######.#
#.# #.# ........# #.#
#.# ........###.##
#.# #.........†.#
##>##
#.####.###..####...##


You could see Terence.

Vanquished Creatures
  4 ball pythons
  4 endoplasms (D:1)
  6 goblins
  A hobgoblin (D:1)
  7 jackals (D:1)
  A kobold (D:1)
  3 quokkas
  3 bats (D:1)
  4 frilled lizards
  3 rats
36 creatures vanquished.

Notes
Turn   | Place    | Note
-------+----------+-------------------------------------------
     0 | D:1      | Descartes the Vine Stalker Fighter began the quest for the
                  | Orb.
     0 | D:1      | Reached XP level 1. HP: 11/11 MP: 2/2
   169 | D:1      | Reached XP level 2. HP: 13/16 MP: 0/3
   621 | D:1      | Found a faded altar of an unknown god.
   790 | D:1      | Reached XP level 3. HP: 8/19 MP: 3/5
  1407 | D:2      | Reached skill level 1 in Spellcasting
  1407 | D:2      | Reached skill level 1 in Evocations
  1429 | D:2      | Reached skill level 3 in Fighting
  1478 | D:2      | Noticed Terence
  1482 | D:2      | Succumbed to Terence's poison

Illustrated notes

Levels and vault maps discovered:
D:1:      saegor_arrival_simple_b, layout_basic, shapermc_ecumenical_altar_gd,
          item_on_display_a
D:2:      layout_loops_ring, amethyst_killhole, minmay_between, uniq_terence

Skill      XL: |  1  2  3 |
---------------+----------+-----
Axes           | 2 |  2.1
Spellcasting   | 1 |  1.0
Evocations     | 1 |  1.0
Fighting       | 3 |  3.0
Armour         | |  2.6
Shields        | |  2.9

Action                   || total
-------------------------++-------
Melee: War axe           ||    70
       Bite              ||     9
  Use: Potion            ||     1
Armor: Scale mail        ||    23
Dodge: Dodged            ||    37
Block: Buckler           ||    11
